 Dungeon Crawl Stone Soup version 0.30.1 (webtiles) character file.

Game seed: 11156839519621974869

65 COSMALAD the Chiller (level 4, -7/30 HPs)
             Began as a Human Ice Elementalist on July 8, 2023.
             Was a Follower of Makhleb.
             Mangled by an ogre
             ... wielding a +0 giant spiked club
              (16 damage)
             ... on level 4 of the Dungeon.
             The game lasted 00:22:12 (2627 turns).

COSMALAD the Chiller (Human Ice Elementalist)       Turns: 2627, Time: 00:22:13

Health: -7/30      AC:  7    Str: 12    XL:     4   Next: 34%
Magic:  6/7        EV: 10    Int: 16    God:    Makhleb [*.....]
Gold:   207        SH:  0    Dex: 13    Spells: 7/8 levels left

rFire   . . .        f - +0 mace
rCold   . . .        (no shield)
rNeg    + . .        q - +0 ring mail
rPois   .            (no helmet)
rElec   .            (no cloak)
rCorr   .            c - +1 pair of gloves
SInv    .            (no boots)
Will    .....        (no amulet)
Stlth   +            p - ring of positive energy
HPRegen 0.25/turn    (no ring)
MPRegen 0.10/turn

%: no passive effects
@: about to teleport
A: strong 1, subdued magic 1
a: Renounce Religion


You were on level 4 of the Dungeon.
You worshipped Makhleb.
Makhleb was aware of your devotion.
You visited 1 branch of the dungeon, and saw 4 of its levels.

You collected 207 gold pieces.

Inventory:

Hand Weapons
 f - a +0 mace (weapon)
Missiles
 e - 3 atropa-tipped darts
 l - 8 javelins
Armour
 a - a +0 robe
 c - a +1 pair of gloves (worn)
 q - a +0 ring mail (worn)
Jewellery
 p - a ring of positive energy (left hand)
Wands
 n - a wand of paralysis (9)
Scrolls
 h - a scroll of vulnerability {unknown}
 i - 2 scrolls of magic mapping {unknown}
 j - a scroll of teleportation
 m - a scroll of fog {unknown}
 o - a scroll of fear
 r - a scroll of poison {unknown}
 s - a scroll of blinking {unknown}
Potions
 b - a potion of magic
 d - 3 potions of mutation
 g - 2 potions of resistance


   Skills:
 + Level 0.2 Fighting
 + Level 0.2 Short Blades
 + Level 0.1 Maces & Flails
 + Level 2.2 Dodging
 + Level 2.8 Stealth
 + Level 2.5 Spellcasting
 + Level 4.6 Ice Magic


You had 7 spell levels left.
You knew the following spells:

 Your Spells              Type           Power      Damage    Failure   Level
a - Freeze                Ice            48%        1d6       5%          1

Your spell library contained the following spells:

 Spells                   Type           Power      Damage    Failure   Level
 Frozen Ramparts          Ice            24%        1d4       17%         3
 Ozocubu's Armour         Ice            12%        N/A       17%         3
 Summon Ice Beast         Ice/Summ       7%         N/A       83%         4


Dungeon Overview and Level Annotations

Branches:
Dungeon (4/15)
 Temple: D:4-7

Altars:
Makhleb


Innate Abilities, Weirdness & Mutations

Your muscles are strong. (Str +4, Int/Dex -1)
Your spells are a little easier to cast, but a little less powerful.


Message History

The adder is severely wounded.
The adder barely misses you. The adder bites you but does no damage.
You sock the adder!
You kill the adder!
Makhleb accepts your kill.
You see here an adder corpse.
Casting: Freeze (safe; 5% risk of failure)
Confirm with . or Enter, or press ? or * to list all spells.
Aiming: Freeze (safe; 5% risk of failure)
Press: ? - help, Shift-Dir - straight line, f - you
Okay, then.
Casting: Freeze (safe; 5% risk of failure)
Confirm with . or Enter, or press ? or * to list all spells.
Okay, then.
You see here an adder corpse.
Found 3 javelins.
l - 8 javelins (gained 3)
Found 7 gold pieces.
Found a stone staircase leading down.
You now have 207 gold pieces (gained 7).
Found 6 stones.
An ogre comes into view. It is wielding a +0 giant spiked club.
The ogre shouts!
As you read the scroll of identify, it crumbles to dust.
j - 2 scrolls of teleportation
Casting: Freeze (safe; 5% risk of failure)
Confirm with . or Enter, or press ? or * to list all spells.
Aiming: Freeze (safe; 5% risk of failure)
Press: ? - help, Shift-Dir - straight line, f - ogre
Aim: an ogre, wielding a +0 giant spiked club You freeze the ogre.
The ogre is lightly wounded.
The ogre hits you with a +0 giant spiked club!!
Ouch! That really hurt!
* * * LOW HITPOINT WARNING * * *
As you read the scroll of teleportation, it crumbles to dust.
You feel strangely unstable.
The ogre hits you with a +0 giant spiked club!
Ouch! That really hurt!
You die...

. ..# ...#
#...## #...###
#...### #O@..#
##...# ...
##..## #(.#
##..## #...#
##..## #.....
##..##
#..##..####..##
#..# #......##
..# ##....##


You could see an ogre.

Vanquished Creatures
  2 adders
  3 dart slugs (D:2)
  5 orcs (D:3)
  2 ball pythons (D:2)
  4 endoplasms
  A giant cockroach (D:2)
  3 goblins
  3 hobgoblins (D:2)
  5 bats
  3 frilled lizards
  2 kobolds (D:1)
  3 rats
36 creatures vanquished.

Notes
Turn   | Place    | Note
-------+----------+-------------------------------------------
     0 | D:1      | COSMALAD the Human Ice Elementalist began the quest for the
                  | Orb.
     0 | D:1      | Reached XP level 1. HP: 13/13 MP: 3/3
   511 | D:1      | Reached XP level 2. HP: 19/19 MP: 5/5
  1044 | D:2      | Reached XP level 3. HP: 24/24 MP: 2/6
  1373 | D:2      | You fall into a shaft and drop 1 floor!
  1486 | D:3      | Reached XP level 4. HP: 27/30 MP: 0/7
  1931 | D:3      | Found a faded altar of an unknown god.
  1937 | D:3      | Prayed at the altar of an unknown god.
  1937 | D:3      | Became a worshipper of Makhleb the Destroyer
  1937 | D:3      | Reached * piety under Makhleb
  2278 | D:3      | Gained mutation: Your mind is acute. (Int +4, Str/Dex -1)
                  | [potion of mutation]
  2278 | D:3      | Gained mutation: Your spells are a little easier to cast,
                  | but a little less powerful. [potion of mutation]
  2278 | D:3      | Lost mutation: Your mind is acute. (Int +4, Str/Dex -1)
                  | [potion of mutation]
  2278 | D:3      | Gained mutation: Your muscles are strong. (Str +4, Int/Dex
                  | -1) [potion of mutation]
  2623 | D:4      | Noticed an ogre
  2627 | D:4      | Mangled by an ogre

Illustrated notes

Levels and vault maps discovered:
D:1:      lightli_arrival_statue_moat, layout_loops_cross, hex_medium
D:2:      layout_basic, serial_bayou_lagoon_b
D:3:      layout_loops_corners, basic_ecumenical_altar, serial_bayou_lagoon_a
D:4:      layout_layer_cave

Action                     |  1- 3 |  4- 6 || total
---------------------------+-------+-------++-------
  Melee: Dagger            |    10 |       ||    10
         Mace              |    42 |    20 ||    62
         Punch             |     3 |     1 ||     4
   Cast: Freeze            |    27 |     4 ||    31
    Use: Scroll            |       |     5 ||     5
         Potion            |       |     1 ||     1
 Armour: Robe              |    35 |     1 ||    36
         Ring mail         |       |    11 ||    11
  Dodge: Dodged            |    64 |    14 ||    78
